 Dungeon Crawl Stone Soup version 0.18.1-8-gdd0e5ea (webtiles) character file.

200 namelastname112 the Sneak (level 5, -2/41 HPs)
             Began as a Draconian Arcane Marksman on May 21, 2016.
             Killed from afar by Sigmund (6 damage)
             ... with a puff of flame
             ... on level 3 of the Dungeon.
             The game lasted 00:04:31 (3182 turns).

namelastname112 the Sneak (DrAM)                    Turns: 3182, Time: 00:04:32

Health: -2/41      AC:  5    Str: 13    XL:     5   Next: 48%
Magic:  6/6        EV: 16    Int: 14    God:
Gold:   113        SH:  0    Dex: 11    Spells: 1 memorised, 5 levels left

rFire  . . .     SeeInvis .     f - +0 dagger
rCold  . . .     Gourm    .     (armour unavailable)
rNeg   . . .     Faith    .     (no shield)
rPois  +         Spirit   .     (helmet restricted)
rElec  .         Dismiss  .     (no cloak)
rCorr  .         Reflect  .     (no gloves)
SustAt .         Harm     .     (no boots)
MR     .....                    (no amulet)
Stlth  +.........               k - +4 ring of evasion
                                l - ring of poison resistance (curse)

@: confused, slowed, very slow, not resistant to hostile enchantments, very
unstealthy
A: unfitting armour, cold-blooded, AC +5
a: no special abilities


You were on level 3 of the Dungeon.
You were near starving.

You visited 1 branch of the dungeon, and saw 3 of its levels.

You collected 113 gold pieces.

Inventory:

Hand Weapons
 f - a +0 dagger (weapon)
 i - a +0 blowgun
Missiles
 s - a poisoned needle
Jewellery
 c - an uncursed ring of protection from magic {unknown}
 e - an uncursed ring of positive energy
 k - a +4 ring of evasion (right hand)
 l - a cursed ring of poison resistance (left hand)
Scrolls
 g - a scroll of fear {unknown}
 h - 4 scrolls of remove curse {unknown}
 m - 2 scrolls of identify
 n - a scroll of teleportation {unknown}
 o - a scroll of magic mapping {unknown}
 p - 2 scrolls of random uselessness {unknown}
 q - a scroll of recharging {unknown}
Books
 a - a book of Debilitation

   Spells                             Type                      Level
   a - Corona                         Hexes                        1
   b - Slow                           Hexes                        2
   c - Gell's Gravitas                Hexes/Translocation          3
   d - Inner Flame                    Hexes/Fire                   3
   e - Cause Fear                     Hexes                        4
   f - Leda's Liquefaction            Hexes/Earth                  4
Comestibles
 d - a bread ration


   Skills:
 + Level 2.2 Fighting
 * Level 2.2 Short Blades
 + Level 2.6 Throwing
 + Level 2.5 Dodging
 * Level 2.8 Stealth
 - Level 1.0 Spellcasting
 - Level 2.6 Hexes


You had 5 spell levels left.
You knew the following spells:

 Your Spells              Type           Power        Failure   Level  Hunger
a - Corona                Hex            #......      12%         1    ##.....


Dungeon Overview and Level Annotations

Branches:
Dungeon (3/15)

Altars:

Annotations:
D:3 Sigmund


Innate Abilities, Weirdness & Mutations

Your plain brown scales are hard (AC +5).
Your body does not fit into most forms of armour.
You are cold-blooded and may be slowed by cold attacks.


Message History

Sigmund gestures at you while chanting.
You are confused.
Sigmund gestures at you while chanting. The puff of flame hits you!
* * * LOW HITPOINT WARNING * * *
You take 6 damage, and have 3/41 hp.
Throwing (i - inventory):
b - 2 javelins (quivered)
Press: ? - help, Shift-Dir - straight line, f/p - Sigmund
Aim: Sigmund, wielding a scythe, wearing a robe and carrying a wand of slowing {zapped: 9} (severely wounded)
You throw a javelin. The orc shouts!
Sigmund screams, "Don't try to resist!"
Sigmund closely misses you.
Throwing (i - inventory):
b - a javelin (quivered)
Press: ? - help, Shift-Dir - straight line, f/p - Sigmund
Aim: Sigmund, wielding a scythe, wearing a robe and carrying a wand of slowing {zapped: 9} (severely wounded)
You throw a javelin. Sigmund closely misses you.
Sigmund points at you and mumbles some strange words.
The puff of flame hits you!
You die...

#####+#.........###.......
#...........[.............
#..............(###.......
#.......#.................
#..................#......
#...............(...#'#...
##...##'#...........#.#...
##..o.......##......#.....
#..<>)...@(...............
#...))....#@........(.....
###...........(.....(.......
#...........(.....(...(.....
#......##....#.###.###......
#......##....#...#..........
######)#.......#.##.........
#.####....#.##.........
#)........# ##....###..


You could see Sigmund and an orc.

Vanquished Creatures
  A water moccasin (D:3)
  4 adders
  A dart slug (D:1)
  A giant gecko (D:1)
  3 orcs (D:3)
  A ball python (D:3)
  3 giant cockroaches
  6 goblins
  6 hobgoblins
  5 jackals
  3 kobolds
  A quokka (D:2)
  2 bats
  3 giant newts
  14 rats
54 creatures vanquished.

Notes
Turn   | Place    | Note
--------------------------------------------------------------
     0 | D:1      | namelastname112 the Draconian Arcane Marksman began the quest for the Orb.
     0 | D:1      | Reached XP level 1. HP: 16/16 MP: 2/2
    76 | D:1      | Reached skill level 1 in Stealth
   310 | D:1      | Reached XP level 2. HP: 23/23 MP: 3/3
  1159 | D:2      | Reached XP level 3. HP: 23/29 MP: 4/4
  1377 | D:2      | Reached skill level 1 in Short Blades
  2051 | D:3      | Reached XP level 4. HP: 31/36 MP: 5/5
  2110 | D:3      | Noticed a water moccasin
  2279 | D:3      | Killed a water moccasin
  2279 | D:3      | Reached XP level 5. HP: 24/41 MP: 6/6
  2434 | D:3      | Noticed Sigmund
  2598 | D:3      | oplop: Брать стабберу щит резиста?
  2600 | D:3      | namelastname112: ну а че бы и нет
  2698 | D:3      | oplop: хз
  2821 | D:2      | oplop: щиты надо качать, кек
  3182 | D:3      | Killed from afar by Sigmund

Skill      XL: |  1  2  3  4 |
---------------+-------------+-----
Stealth        | 1 2 |  2.8
Dodging        | 2 |  2.5
Throwing       | 2 |  2.6
Short Blades   | 1 2 |  2.2
Fighting       | 2 |  2.2
Spellcasting   | |  1.0
Hexes          | |  2.6

Action                   |  1- 3 |  4- 6 || total
-------------------------+-------+-------++-------
Melee: Unarmed           |    77 |       ||    77
       Tailslap          |    27 |     9 ||    36
       Dagger            |   173 |    66 ||   239
 Fire: Blowgun           |       |     5 ||     5
Throw: Javelin           |       |    13 ||    13
       Throwing net      |       |     5 ||     5
  Use: Scroll            |       |     4 ||     4
       Potion            |       |     3 ||     3
 Stab: Sleeping          |     4 |       ||     4
  Eat: Chunk             |     4 |     2 ||     6
Armor: Skin              |    57 |     4 ||    61
Dodge: Dodged            |   273 |    61 ||   334
